 Dungeon Crawl Stone Soup version 0.17-a0-1510-gb3fb22e (webtiles) character file.

9328 Jb9000 the Covert (level 11, -17/66 HPs)
             Began as a Gargoyle Fighter on July 11, 2015.
             Was an Elder of Okawaru.
             Demolished by a white ugly thing (39 damage)
             ... on level 11 of the Dungeon.
             The game lasted 01:22:33 (12836 turns).

Jb9000 the Covert (Gargoyle Fighter)               Turns: 12836, Time: 01:22:33

Health: -17/66     AC: 26    Str: 22    XL:     11   Next: 44%
Magic:  14/16      EV: 10    Int: 11    God:    Okawaru [****..]
Gold:   264        SH:  0    Dex: 13    Spells: 6 memorised, 1 level left

rFire  . . .     SeeInvis .     z - +6 quarterstaff "Nuopuip" {freeze, rC- rN+ Dex+2}
rCold  x . .     Clarity  +     u - +2 ring mail {MR+}
rNeg   + + .     SustAt   .     (no shield)
rPois  ∞         Gourm    .     (no helmet)
rElec  +         Spirit   .     (no cloak)
rCorr  .         Warding  .     j - +2 pair of gloves {Str+3}
rMut   .         Stasis   .     f - +1 pair of boots
MR     +....                    (no amulet)
Stlth  +++.......               b - ring of flight
                                m - ring of wizardry

@: flying, somewhat resistant to hostile enchantments, fairly stealthy
A: big wings, hooves 1, iridescent scales 1, clarity, low mp 1, negative energy
resistance 1, shaggy fur 1, electricity resistance, unbreathing, petrification
resistance, rot immunity, subdued magic 1, AC +7
a: Stop Flying, Heroism, Renounce Religion


You were on level 11 of the Dungeon.
You worshipped Okawaru.
Okawaru was greatly pleased with you.
You were not hungry.

You visited 2 branches of the dungeon, and saw 12 of its levels.

You collected 765 gold pieces.
You spent 501 gold pieces at shops.

Inventory:

Hand weapons
 s - a +2 whip of electrocution
 w - a +2 shortbow of freezing
 z - the +6 quarterstaff "Nuopuip" (weapon) {freeze, rC- rN+ Dex+2}
   (You bought it in a shop on level 10 of the Dungeon)

   It has been specially enchanted to freeze those struck by it, causing extra
   injury to most foes and up to half again as much damage against particularly
   susceptible opponents.
   It can also slow down cold-blooded creatures.
   It affects your dexterity (+2).
   It makes you vulnerable to cold.
   It protects you from negative energy.
 F - a +1 battleaxe of freezing
 M - a +2 dire flail
Missiles
 k - 22 tomahawks
 l - 29 arrows of flame
 p - 3 throwing nets (quivered)
 q - 103 bolts
 v - 94 arrows
 C - 43 poisoned needles
 I - 3 javelins
 O - 10 bolts of frost
Armour
 c - a +0 shield
 f - a +1 pair of boots (worn)
 j - a +2 pair of gloves of strength (worn)
 u - a +2 ring mail of magic resistance (worn)
 y - a +0 steam dragon armour
Jewellery
 b - a ring of flight (right hand)
 m - a ring of wizardry (left hand)
Magical devices
 t - a wand of disintegration (4)
 A - a wand of disintegration (8)
 G - a wand of flame (26)
 H - a wand of lightning (7)
Scrolls
 a - a scroll of immolation
 g - a scroll of amnesia
 h - 5 scrolls of remove curse
 i - a scroll of recharging
 o - 8 scrolls of identify
 D - a scroll of fog
Potions
 n - 6 potions of flight
 N - a potion of curing
Books
 d - a book of Party Tricks

   Spells                             Type                      Level
   a - Summon Butterflies             Summoning                    1
   b - Apportation                    Translocation                1
   c - Tukima's Dance                 Hexes                        3
   d - Alistair's Intoxication        Transmutation/Poison         4
   e - Invisibility                   Hexes                        6
 x - a Grand Grimoire

   Spells                             Type                      Level
   a - Monstrous Menagerie            Summoning                    6
   b - Summon Greater Demon           Summoning                    7
   c - Malign Gateway                 Summoning/Translocation      7
   d - Summon Horrible Things         Summoning                    8
 E - a book of Necromancy

   Spells                             Type                      Level
   a - Pain                           Necromancy                   1
   b - Animate Skeleton               Necromancy                   1
   c - Vampiric Draining              Necromancy                   3
   d - Regeneration                   Charms/Necromancy            3
   e - Animate Dead                   Necromancy                   4
   f - Control Undead                 Necromancy                   4
 J - a book of Callings

   Spells                             Type                      Level
   a - Summon Small Mammal            Summoning                    1
   b - Call Imp                       Summoning                    2
   c - Call Canine Familiar           Summoning                    3
   d - Summon Guardian Golem          Hexes/Summoning              3
   e - Summon Lightning Spire         Summoning/Air                4
   f - Summon Ice Beast               Ice/Summoning                4
 K - a book of Frost

   Spells                             Type                      Level
   a - Freeze                         Ice                          1
   b - Throw Frost                    Conjuration/Ice              2
   c - Ozocubu's Armour               Charms/Ice                   3
   d - Throw Icicle                   Conjuration/Ice              4
   e - Summon Ice Beast               Ice/Summoning                4
   f - Condensation Shield            Ice                          4
Comestibles
 e - 7 bread rations
 r - 2 meat rations


   Skills:
 + Level 6.8 Fighting
 - Level 5.8(6.2) Axes
 - Level 3.4(5.4) Maces & Flails
 + Level 0.8(2.2) Staves
 + Level 3.8 Bows
 - Level 2.8 Throwing
 + Level 6.7 Armour
 + Level 8.7 Stealth
 - Level 6.0 Shields
 + Level 4.7 Spellcasting
 + Level 2.3 Hexes
 + Level 3.7 Summonings
 + Level 1.9 Necromancy
 - Level 3.0 Translocations
 + Level 2.6 Invocations
 - Level 3.2 Evocations


You had one spell level left.
You knew the following spells:

 Your Spells              Type           Power        Failure   Level  Hunger
a - Apportation           Tloc           #.........   2%          1    None
b - Monstrous Menagerie   Summ           #.........   100%        6    #######
c - Throw Frost           Conj/Ice       #.....       17%         2    ##.....
d - Tukima's Dance        Hex            #.......     10%         3    ###....
e - Summon Guardian Gole  Hex/Summ       #.......     7%          3    ###....
f - Regeneration          Chrm/Necr      #.........   28%         3    ###....


Dungeon Overview and Level Annotations

Branches:
Dungeon (11/15)            Temple (1/1) D:7            Lair (0/8) D:11
    Orc (0/4) D:9

Altars:
Ashenzari
Cheibriados
Dithmenos
Elyvilon
Fedhas
Gozag
Kikubaaqudgha
Makhleb
Nemelex Xobeh
Okawaru
Qazlal
Ru
Sif Muna
Trog
Vehumet
Xom
Yredelemnul
Zin
The Shining One

Shops:
D:10 (


Innate Abilities, Weirdness & Mutations

You are resistant to torment.
Your stone body is resilient (AC +7).
You are immune to poison.
You resist negative energy.
You are resistant to electric shocks.
You can survive without breathing.
You are immune to petrification.
You are immune to rotting.
Your large and strong wings let you fly indefinitely.
You have large cloven feet.
You are partially covered in iridescent scales (AC +4).
You possess an exceptional clarity of mind.
Your magical capacity is low (-10% MP).
You are covered in fur (AC +1).
Your spells are a little easier to cast, but a little less powerful.


Message History

It glows with a cold blue light!
z - the +6 quarterstaff "Nuopuip" (weapon)
{freeze, rC- rN+ Dex+2} The white ugly thing tail-slaps you but does no damage.
You sock the white ugly thing! You freeze the white ugly thing.
The white ugly thing is heavily wounded.
The white ugly thing tail-slaps you. The white ugly thing freezes you!!
You feel a terrible chill!
Ouch! That really hurt!
You barely miss the white ugly thing.
The white ugly thing is heavily wounded.
The white ugly thing tail-slaps you but does no damage.
You sock the white ugly thing! You freeze the white ugly thing.
The white ugly thing is severely wounded.
The white ugly thing tail-slaps you but does no damage.
You hit the white ugly thing. You freeze the white ugly thing.
The white ugly thing is almost dead.
The white ugly thing tail-slaps you! The white ugly thing freezes you!!!
You feel a terrible chill!
Ouch! That really hurt!
You die...

......##.......# #......##.
...............# ##'######.
...............# #######.........
...............# ................
...............# .............###
......######'####...........))#..
......#.........#.............'.#
#######.........###############.#
....######(@...............#
.........8u...####.......... ..
.........(...........#... .
.....................#...
.........(.(.........#...
.........................
.((......................
#########################


You could see a white ugly thing.

Vanquished Creatures
  Pikel (D:6)
  2 hill giants
  A troll (D:11)
  A shadow (D:11)
  12 yaks
  A hippogriff (D:9)
  Eustachio (D:4)
  2 orc warriors (D:9)
  A porcupine (D:11)
  A slave (D:6)
  Duvessa (D:6)
  3 sky beasts
  3 ogres
  4 ice beasts
  2 black bears
  5 centaurs
  Blork the orc (D:6)
  A giant frog (D:10)
  Dowan (D:6)
  4 killer bees (D:10)
  4 scorpions
  18 wights
  4 crimson imps
  A giant frog zombie (D:11)
  A quasit (D:10)
  4 orc priests
  Ijyb (D:2)
  5 gnoll shamans (D:5)
  2 iguanas
  2 giant frog skeletons (D:9)
  2 hounds
  9 worker ants
  Natasha (D:4)
  2 hell rats
  8 orc wizards
  A hound zombie (D:11)
  A hound skeleton (D:5)
  14 adders
  5 river rats (D:7)
  39 gnolls
  An adder zombie (D:6)
  5 worms
  3 giant geckos
  47 orcs
  3 giant cockroaches
  10 hobgoblins
  10 kobolds
  7 quokkas
  17 bats
  7 giant newts
  18 goblins
  20 jackals
  A jackal skeleton (D:5)
  A quokka skeleton (D:7)
  36 rats
358 creatures vanquished.

Vanquished Creatures (collateral kills)
  A trapdoor spider (D:11)
  3 yaks
  An orc warrior (D:11)
  A worker ant (D:11)
6 creatures vanquished.

Vanquished Creatures (others)
  5 yaks
  A dancing weapon (D:10)
  A killer bee (D:10)
  An orc (D:6)
  A plant (D:5)
9 creatures vanquished.

Grand Total: 373 creatures vanquished

Notes
Turn   | Place    | Note
--------------------------------------------------------------
     0 | D:1      | Jb9000 the Gargoyle Fighter began the quest for the Orb.
     0 | D:1      | Reached XP level 1. HP: 14/14 MP: 1/1
   109 | D:1      | Reached XP level 2. HP: 19/19 MP: 2/2
   328 | D:1      | Reached XP level 3. HP: 23/23 MP: 3/3
   962 | D:2      | Noticed Ijyb
   977 | D:2      | Killed Ijyb
   977 | D:2      | Reached skill level 1 in Stealth
   977 | D:2      | Reached XP level 4. HP: 27/29 MP: 3/5
  1000 | D:2      | Reached skill level 1 in Throwing
  1350 | D:2      | Reached skill level 1 in Spellcasting
  1527 | D:2      | Reached XP level 5. HP: 28/33 MP: 6/6
  2138 | D:3      | Found a faded altar to an unknown god.
  2509 | D:4      | Reached XP level 6. HP: 27/38 MP: 8/8
  2644 | D:4      | Reached skill level 4 in Fighting
  2715 | D:4      | Noticed Eustachio
  2735 | D:4      | Gained mutation: Your spells are a little easier to cast, but a little less powerful. [potion of mutation]
  2735 | D:4      | Gained mutation: You are clumsy. (Dex -2) [potion of mutation]
  2735 | D:4      | Gained mutation: You possess an exceptional clarity of mind. [potion of mutation]
  2761 | D:4      | Killed Eustachio
  2932 | D:4      | Learned a level 1 spell: Apportation
  3059 | D:4      | Noticed Natasha
  3064 | D:4      | Killed Natasha
  3064 | D:4      | Reached XP level 7. HP: 43/43 MP: 10/10
  3547 | D:5      | Entered Level 5 of the Dungeon
  4023 | D:5      | Reached XP level 8. HP: 14/48 MP: 11/11
  4039 | D:5      | Reached skill level 1 in Translocations
  4273 | D:5      | Reached skill level 5 in Stealth
  4292 | D:5      | Reached skill level 1 in Evocations
  5073 | D:5      | Reached skill level 1 in Maces & Flails
  5171 | D:5      | Learned a level 6 spell: Monstrous Menagerie
  5362 | D:5      | Reached skill level 5 in Fighting
  5366 | D:5      | Gained mutation: You have large cloven feet. [mutagenic meat]
  5367 | D:5      | Gained mutation: Your large and strong wings let you fly indefinitely. [mutagenic meat]
  5372 | D:5      | Gained mutation: You are covered in fur (AC +1). [mutagenic meat]
  5373 | D:5      | Gained mutation: You are partially covered in iridescent scales (AC +4). [mutagenic meat]
  5531 | D:6      | Found an opulent altar of Gozag.
  5587 | D:6      | Noticed Pikel
  5596 | D:6      | Reached skill level 6 in Stealth
  5596 | D:6      | Reached XP level 9. HP: 54/54 MP: 13/13
  5622 | D:6      | Killed Pikel
  5622 | D:6      | Reached skill level 1 in Bows
  5622 | D:6      | Reached skill level 5 in Armour
  5622 | D:6      | Reached skill level 5 in Shields
  5622 | D:6      | Reached skill level 1 in Summonings
  5707 | D:6      | Noticed Dowan
  5712 | D:6      | Noticed Duvessa
  5727 | D:6      | Killed Duvessa
  5735 | D:6      | Killed Dowan
  5735 | D:6      | Reached skill level 5 in Axes
  6101 | D:6      | Noticed Blork the orc
  6116 | D:6      | Killed Blork the orc
  6173 | D:6      | Learned a level 1 spell: Summon Butterflies
  6641 | D:7      | Found a staircase to the Ecumenical Temple.
  6664 | Temple   | Entered the Ecumenical Temple
  6876 | Temple   | Became a worshipper of Warmaster Okawaru
  7438 | D:7      | Found a sparkling altar of Nemelex Xobeh.
  7444 | D:7      | Found a sacrificial altar of Ru.
  7444 | D:7      | Found a deep blue altar of Sif Muna.
  7444 | D:7      | Found a white marble altar of Elyvilon.
  7447 | D:7      | Found a bloodstained altar of Trog.
  7448 | D:7      | Found a burning altar of Makhleb.
  8106 | D:8      | Reached skill level 7 in Stealth
  8133 | D:8      | Acquired Okawaru's first power
  8602 | D:8      | Reached XP level 10. HP: 42/60 MP: 15/15
  9280 | D:9      | Found a staircase to the Orcish Mines.
  9545 | D:9      | Reached skill level 1 in Invocations
  9854 | D:9      | Learned a level 3 spell: Tukima's Dance
  9989 | D:9      | Learned a level 3 spell: Summon Guardian Golem
 10083 | D:10     | Entered Level 10 of the Dungeon
 10095 | D:10     | Noticed a hill giant
 10108 | D:10     | Killed a hill giant
 10108 | D:10     | Reached skill level 8 in Stealth
 10108 | D:10     | Reached skill level 1 in Hexes
 10507 | D:10     | Learned a level 3 spell: Regeneration
 10712 | D:10     | HP: 1/61 [yak (10)]
 11158 | D:10     | Reached skill level 1 in Necromancy
 11158 | D:10     | Reached XP level 11. HP: 62/66 MP: 17/17
 11572 | D:10     | Found Ecaolong's Weapon Boutique.
 11597 | D:10     | Bought the +6 quarterstaff "Nuopuip" {freeze, rC- rN+ Dex+2} for 501 gold pieces
 11692 | D:10     | You are sucked into a shaft!
 11755 | D:11     | Gained mutation: You are dopey. (Int -2) [mutagenic meat]
 11756 | D:11     | Lost mutation: You are dopey. (Int -2) [mutagenic meat]
 11757 | D:11     | Lost mutation: You are clumsy. (Dex -2) [mutagenic meat]
 11758 | D:11     | Gained mutation: Your magical capacity is low (-10% MP). [mutagenic meat]
 11762 | D:11     | Learned a level 2 spell: Throw Frost
 11796 | D:11     | Noticed a hill giant
 11900 | D:11     | Killed a hill giant
 12512 | D:11     | Found a staircase to the Lair.
 12836 | D:11     | Demolished by a white ugly thing

Vault maps used:
D:1:      shiori_arrival_elements
D:2:      uniq_iyjb
D:3:      kennysheep_the_goblin_king, first_bread, ecumenical_altar_2
D:4:      uniq_eustachio, uniq_natasha
D:5:      lemuel_castle_with_subvaults
D:6:      grunt_gozag_breadcrumbs, uniq_blork_the_orc, uniq_duvessa, uniq_pikel
D:7:      lemuel_ratsnest, minitemple, minmay_temple_entry_junction
D:9:      hiddenorc2_lemuel
D:10:     serial_shops, shop
D:11:     dpeg_lair_monsters, hangedman_stone_soup, uniq_josephine
Temple:   oiseaux_autumnal_temple_12

Action                   |  1- 3 |  4- 6 |  7- 9 | 10-12 || total
-------------------------+-------+-------+-------+-------++-------
Melee: War axe           |    70 |   191 |   251 |       ||   512
       Whip              |       |       |   265 |     3 ||   268
       Battleaxe         |       |       |     9 |   208 ||   217
       Halberd           |       |       |       |     7 ||     7
       Quarterstaff      |       |       |       |   106 ||   106
       Dire flail        |       |       |       |     5 ||     5
 Fire: Shortbow          |       |       |    98 |   138 ||   236
Throw: Throwing net      |       |     4 |       |       ||     4
 Cast: Summon Guardian G |       |       |       |    18 ||    18
       Tukima's Dance    |       |       |       |     2 ||     2
       Summon Butterflie |       |       |       |     1 ||     1
 Abil: Fly               |       |       |     1 |       ||     1
Evoke: Wand              |       |       |     8 |     6 ||    14
  Use: Scroll            |     1 |     5 |     7 |     5 ||    18
       Potion            |       |     6 |     6 |     4 ||    16
 Stab: Sleeping          |       |     2 |     1 |     1 ||     4
  Eat: Chunk             |       |     7 |     5 |     7 ||    19
       Pizza             |       |     1 |     2 |       ||     3
       Beef jerky        |       |       |     2 |     3 ||     5
       Meat ration       |       |       |     2 |     1 ||     3
       Fruit             |       |       |     2 |     1 ||     3
       Royal jelly       |       |       |     1 |       ||     1
